 Dungeon Crawl Stone Soup version 0.28-a0-1235-g7c8fac35f0 (webtiles) character file.

Game seed: 1706139200181435216

75 Vash the Insei (level 4, 34/34 HPs)
             Began as a Gnoll Transmuter on Dec 24, 2021.
             Was a Follower of Dithmenos.
             Got out of the dungeon alive.
             The game lasted 00:02:37 (2747 turns).

Vash the Insei (Gnoll Transmuter)                   Turns: 2747, Time: 00:02:38

Health: 34/34      AC:  2    Str:  9    XL:     4   Next: 31%
Magic:  11/11      EV: 13    Int: 15    God:    Dithmenos [*.....]
Gold:   90         SH:  0    Dex: 12    Spells: 9/13 levels left

rFire   . . .      SeeInvis .     - Unarmed
rCold   . . .      Faith    .   (no shield)
rNeg    . . .      Spirit   .   a - +0 robe
rPois   .          Reflect  .   (no helmet)
rElec   .          Harm     .   (no cloak)
rCorr   .          Rampage  .   (no gloves)
Will    .....                   (no boots)
Stlth   ++........              (no amulet)
HPRegen 0.11/turn               (no ring)
MPRegen 0.12/turn               (no ring)

@: wreathed by umbra
A: fangs 1, strong nose, distributed training
a: Renounce Religion


You escaped.
You worshipped Dithmenos.
Dithmenos was aware of your devotion.
You visited 1 branch of the dungeon, and saw 2 of its levels.

You collected 90 gold pieces.

Inventory:

Armour
 a - a +0 robe (worn)
Scrolls
 c - a scroll of vulnerability {unknown}
Potions
 b - a potion of lignification {unknown}
 d - a potion of haste {unknown}


   Skills:
 + Level 2.7 Fighting
 + Level 1.1 Short Blades
 + Level 1.1 Long Blades
 + Level 1.1 Axes
 + Level 1.1 Maces & Flails
 + Level 1.1 Polearms
 + Level 1.1 Staves
 + Level 1.1 Slings
 + Level 1.1 Bows
 + Level 1.1 Crossbows
 + Level 1.1 Throwing
 + Level 1.1 Armour
 + Level 4.6 Dodging
 + Level 1.1 Stealth
 + Level 1.1 Shields
 + Level 6.6 Unarmed Combat
 + Level 5.0 Spellcasting
 + Level 0.8 Conjurations
 + Level 0.8 Hexes
 + Level 0.8 Summonings
 + Level 0.8 Necromancy
 + Level 0.8 Translocations
 + Level 3.8 Transmutations
 + Level 0.8 Fire Magic
 + Level 0.8 Ice Magic
 + Level 0.8 Air Magic
 + Level 0.8 Earth Magic
 + Level 0.8 Poison Magic
 + Level 1.2 Invocations
 + Level 1.1 Evocations


You had 9 spell levels left.
You knew the following spells:

 Your Spells              Type           Power      Damage    Failure   Level
a - Beastly Appendage     Tmut           30%        N/A       3%          1
b - Spider Form           Tmut/Pois      10%        N/A       19%         3

Your spell library contained the following spells:

 Spells                   Type           Power      Damage    Failure   Level
 Wereblood                Tmut           15%        N/A       4%          2
 Static Discharge         Conj/Air       6%         N/A       17%         2
 Ice Form                 Ice/Tmut       10%        N/A       52%         4
 Lightning Bolt           Conj/Air       3%         1d14      97%         5
 Maxwell's Capacitive Co  Air            3%         ∞         100%        8


Dungeon Overview and Level Annotations

Branches:
Dungeon (2/15)

Altars:
Dithmenos

Shops:
D:2 [(!:


Innate Abilities, Weirdness & Mutations

You have very sharp teeth.
Your uncanny sense of smell can sniff out nearby items.
Your experience applies equally to all skills.


Message History

A jackal is nearby!
A jackal comes into view.
Casting: Beastly Appendage (safe; 3% risk of failure)
Confirm with . or Enter, or press ? or * to list all spells.
You grow a pair of large bovine horns.
Your feet morph into talons.
The jackal barks!
The jackal barks!
The jackal closely misses you.
You punch the jackal!
You kill the jackal!
Dithmenos accepts your kill. The jackal barely misses you. x2
You closely miss the jackal.
Your transformation is almost over.
The jackal misses you. The jackal barely misses you.
You hit the jackal. Your kick misses the jackal. Your bite misses the jackal.
The jackal is lightly wounded.
The jackal misses you.
You hit the jackal but do no damage. Your kick misses the jackal.
The jackal is lightly wounded.
The jackal barely misses you.
You hit the jackal but do no damage. You claw the jackal, but do no damage.
You headbutt the jackal.
You kill the jackal!
Dithmenos accepts your kill.
No target in view!
Your horns disappear.
Your talons disappear.
There is an open door here.
There is a stone staircase leading up here.
You climb upwards.
There is a stone staircase leading down here.
You see here a +0 whip.
There is an open door here.
There is a staircase leading out of the dungeon here.
You can't go down here!
There are no items here.
There are no items here.
Are you sure you want to leave the Dungeon?
This will make you lose the game!
You have escaped!

≈≈P..#.#....##.#.......# #.#
≈♣#.###.#......#.......# #.#
PP.## ###...############ #.####
..## ####.### ##8.8### #....#
.## #......# #..(...# ####.# ##
#.##.#.# #......# #.# #
###.##.#.###..8...# #.#
#.........#8......######.#
#.#.##.#.##@......'......#
######.#......##8......########
.........##.#####..8...#
#.###........# #......# #.#
#..#.##..# #......# #.#
#........# ##8.8### #(#
#.##..♣..### ##### #.#
#.##.♣.♣...## #.#
#...♣♣.♣.#..##


There were no monsters in sight!

Vanquished Creatures
  3 gnolls (D:2)
  An adder (D:2)
  An orc (D:2)
  4 endoplasms (D:1)
  4 goblins
  2 hobgoblins (D:1)
  2 jackals (D:2)
  4 quokkas (D:2)
  4 ball pythons (D:1)
  5 frilled lizards (D:1)
  3 kobolds
  6 rats
39 creatures vanquished.

Vanquished Creatures (others)
  23 plants (D:1)
23 creatures vanquished.

Grand Total: 62 creatures vanquished

Notes
Turn   | Place    | Note
-------+----------+-------------------------------------------
     0 | D:1      | Vash the Gnoll Transmuter began the quest for the Orb.
     0 | D:1      | Reached XP level 1. HP: 17/17 MP: 6/6
   193 | D:1      | Reached XP level 2. HP: 6/23 MP: 5/7
   900 | D:1      | Found a faded altar of an unknown god.
   913 | D:1      | Prayed at the altar of an unknown god.
   913 | D:1      | Became a worshipper of Dithmenos the Shadowed
   913 | D:1      | Reached * piety under Dithmenos
  1187 | D:2      | Found Duerphau's Armour Boutique.
  1202 | D:2      | Reached XP level 3. HP: 28/28 MP: 9/9
  1236 | D:2      | Found Toicw's Antique Weapon Shop.
  1296 | D:2      | Reached skill level 5 in Spellcasting
  1301 | D:2      | Reached skill level 1 in Invocations
  1305 | D:2      | Reached skill level 1 in Short Blades
  1305 | D:2      | Reached skill level 1 in Long Blades
  1305 | D:2      | Reached skill level 1 in Axes
  1305 | D:2      | Reached skill level 1 in Maces & Flails
  1305 | D:2      | Reached skill level 1 in Polearms
  1305 | D:2      | Reached skill level 1 in Staves
  1305 | D:2      | Reached skill level 1 in Slings
  1305 | D:2      | Reached skill level 1 in Bows
  1305 | D:2      | Reached skill level 1 in Crossbows
  1305 | D:2      | Reached skill level 1 in Throwing
  1305 | D:2      | Reached skill level 1 in Armour
  1305 | D:2      | Reached skill level 1 in Stealth
  1305 | D:2      | Reached skill level 1 in Shields
  1305 | D:2      | Reached skill level 1 in Evocations
  1621 | D:2      | Found Mad Baan's Book Shop.
  1651 | D:2      | Reached XP level 4. HP: 30/34 MP: 11/11
  1891 | D:2      | Learned a level 3 spell: Spider Form
  2022 | D:2      | Found Cucurekh's Distillery.
  2747 | D:$      | Got out of the dungeon alive.

Illustrated notes

Levels and vault maps discovered:
D:1:      mrwooster_arrival_statue_3, layout_loops_cross,
          shapermc_ecumenical_altar_totnotflames, serial_bayou,
          serial_bayou_pond_d, serial_bayou_pond_d, serial_bayou_lagoon_a,
          serial_bayou_pond_a, serial_bayou_pond_a, serial_bayou_pond_b
D:2:      layout_basic, serial_shops, nicolae_shop_crystal, shop,
          nicolae_shop_trees, shop

Skill      XL: |  1  2  3 |
---------------+----------+-----
Spellcasting   | 5 |  5.0
Invocations    | 1 |  1.2
Short Blades   | 1 |  1.1
Long Blades    | 1 |  1.1
Axes           | 1 |  1.1
Maces & Flails | 1 |  1.1
Polearms       | 1 |  1.1
Staves         | 1 |  1.1
Slings         | 1 |  1.1
Bows           | 1 |  1.1
Crossbows      | 1 |  1.1
Throwing       | 1 |  1.1
Armour         | 1 |  1.1
Stealth        | 1 |  1.1
Shields        | 1 |  1.1
Evocations     | 1 |  1.1
Fighting       | |  2.7
Dodging        | |  4.6
Unarmed Combat | |  6.6
Conjurations   | |  0.8
Hexes          | |  0.8
Summonings     | |  0.8
Necromancy     | |  0.8
Translocations | |  0.8
Transmutations | |  3.8
Fire Magic     | |  0.8
Ice Magic      | |  0.8
Air Magic      | |  0.8
Earth Magic    | |  0.8
Poison Magic   | |  0.8

Action                   |  1- 3 |  4- 6 || total
-------------------------+-------+-------++-------
Melee: Unarmed           |    89 |    24 ||   113
       Bite              |     6 |       ||     6
       Headbutt          |     1 |     1 ||     2
       Kick              |     2 |     4 ||     6
       Punch             |     2 |       ||     2
 Cast: Beastly Appendage |     7 |     2 ||     9
 Stab: Sleeping          |     1 |       ||     1
Armor: Robe              |     8 |     1 ||     9
Dodge: Dodged            |    57 |    21 ||    78

Table legend: (Time is in decaauts)
 A = Elapsed time spent in this place.
 B = Non-inter-level travel time spent in this place.
 C = Inter-level travel time spent in this place.
 D = Time resting spent in this place.
 E = Time spent auto-exploring this place.
 F = Levels seen in this place.
 G = Mean time per level.
                   A        B        C        D        E       F      G
               +--------+--------+--------+--------+--------+-----+--------+
         Total |   2745 |   2597 |    148 |    906 |   1331 |   2 | 1372.5 |
       Dungeon |   2745 |   2597 |    148 |    906 |   1331 |   2 | 1372.5 |
               +--------+--------+--------+--------+--------+-----+--------+

Top non-repeatable levels by time:
     D:2: 1512 daAuts
     D:1: 1232 daAuts
